[Event "Live Chess"]
[Site "Chess.com"]
[Date "2021.09.03"]
[Round "1"]
[White "CoachJoeF"]
[Black "GGuseinov"]
[Result "0-1"]
[CurrentPosition "k1b5/pp3p1p/6p1/P1p3Q1/8/7r/3r1qP1/1R4K1 w - -"]
[Timezone "UTC"]
[ECO "B23"]
[ECOUrl "https://www.chess.com/openings/Sicilian-Defense-Closed-2...g6"]
[UTCDate "2021.09.03"]
[UTCTime "01:31:55"]
[WhiteElo "1494"]
[BlackElo "2563"]
[TimeControl "2100+5"]
[Termination "GGuseinov won by checkmate"]
[StartTime "01:31:55"]
[EndDate "2021.09.03"]
[EndTime "01:57:39"]
[Link "https://www.chess.com/game/live/24371507043"]

1. e4 c5 2. Nc3 g6 3. f4 Bg7 4. Nf3 Nc6 5. Bc4 e6 6. d3 Nge7 7. Ne2 d5 8. Bb5 Qa5+ 9. Nc3 d4 10. Bxc6+ Nxc6 11. Bd2 dxc3 12. bxc3 Bxc3 13. O-O Bxd2 14. Nxd2 Bd7 15. Nf3 O-O-O 16. c3 Kb8 17. Qc2 Bc8 18. a4 Rd7 19. Rab1 Qc7 20. Nd2 Rhd8 21. Rf3 Na5 22. c4 Nc6 23. Nb3 Nb4 24. Qf2 Nxd3 25. Qe3 e5 26. fxe5 Nxe5 27. Rff1 Nxc4 28. Qc3 Nd2 29. Nxd2 Rxd2 30. a5 Qd6 31. Qb3 Qd4+ 32. Kh1 Qxe4 33. Qg3+ Ka8 34. h3 R8d3 35. Qg5 Rxh3+ 36. Kg1 Qd4+ 37. Rf2 Qxf2# 0-1

[Event "Live Chess"]
[Site "Chess.com"]
[Date "2021.09.03"]
[Round "1"]
[White "Swarnapuri"]
[Black "aaroncraig602"]
[Result "1-0"]
[CurrentPosition "rn3rk1/pQR3pp/4pp2/3q4/3PBB2/4P3/PP3PPP/5RK1 b - -"]
[Timezone "UTC"]
[ECO "A45"]
[ECOUrl "https://www.chess.com/openings/Indian-Game"]
[UTCDate "2021.09.03"]
[UTCTime "01:32:12"]
[WhiteElo "2475"]
[BlackElo "1451"]
[TimeControl "2100+5"]
[Termination "Swarnapuri won by resignation"]
[StartTime "01:32:12"]
[EndDate "2021.09.03"]
[EndTime "01:53:29"]
[Link "https://www.chess.com/game/live/24371509039"]

1. d4 Nf6 2. Bf4 d5 3. e3 Bf5 4. c4 e6 5. Nc3 c6 6. Qb3 Qd7 7. Nf3 Be7 8. Be2 O-O 9. Rc1 Na6 10. O-O Nh5 11. Ne5 Qc8 12. Bxh5 f6 13. Nxc6 bxc6 14. cxd5 cxd5 15. Nxd5 Qd7 16. Nxe7+ Qxe7 17. Qb5 Nb8 18. Rc7 Qd8 19. Qb7 Qd5 20. Bf3 Be4 21. Bxe4 1-0

[Event "Live Chess"]
[Site "Chess.com"]
[Date "2021.09.03"]
[Round "1"]
[White "jgray43"]
[Black "SelfishShellfish"]
[Result "0-1"]
[CurrentPosition "r6k/ppp3pp/3p1r2/3B4/1P2P1n1/2P2p1q/P4P2/2RQ1RK1 w - -"]
[Timezone "UTC"]
[ECO "C50"]
[ECOUrl "https://www.chess.com/openings/Italian-Game-Hungarian-Defense"]
[UTCDate "2021.09.03"]
[UTCTime "01:32:12"]
[WhiteElo "1442"]
[BlackElo "2314"]
[TimeControl "2100+5"]
[Termination "SelfishShellfish won by resignation"]
[StartTime "01:32:12"]
[EndDate "2021.09.03"]
[EndTime "01:44:15"]
[Link "https://www.chess.com/game/live/24371509559"]

1. e4 e5 2. Nf3 Nc6 3. Bc4 Be7 4. O-O Nf6 5. d3 O-O 6. Nc3 d6 7. Nd5 Nxd5 8. Bxd5 Kh8 9. c3 f5 10. b4 fxe4 11. dxe4 Bg4 12. h3 Bxf3 13. gxf3 Bg5 14. Kh1 Bxc1 15. Rxc1 Qh4 16. Kg2 Rf6 17. f4 exf4 18. Qf3 Ne5 19. Qd1 f3+ 20. Kh2 Ng4+ 21. Kg1 Qxh3 0-1

[Event "Live Chess"]
[Site "Chess.com"]
[Date "2021.09.03"]
[Round "1"]
[White "knvsback"]
[Black "Raindog2"]
[Result "1-0"]
[CurrentPosition "2k4Q/K7/2PP4/1PP5/5N2/7P/2b5/8 b - -"]
[Timezone "UTC"]
[ECO "C53"]
[ECOUrl "https://www.chess.com/openings/Giuoco-Piano-Game-Main-Line-Giuoco-Pianissimo-Variation"]
[UTCDate "2021.09.03"]
[UTCTime "01:32:15"]
[WhiteElo "1856"]
[BlackElo "1339"]
[TimeControl "2100+5"]
[Termination "knvsback won by checkmate"]
[StartTime "01:32:15"]
[EndDate "2021.09.03"]
[EndTime "02:44:27"]
[Link "https://www.chess.com/game/live/24371511549"]

1. e4 e5 2. Nf3 Nc6 3. Bc4 Bc5 4. c3 Nf6 5. d3 Na5 6. Bxf7+ Kxf7 7. Nxe5+ Ke8 8. b4 d6 9. bxc5 dxe5 10. O-O Be6 11. f4 Nc6 12. fxe5 Nxe5 13. d4 Bg4 14. Qe1 Nd3 15. Qe3 Nxc1 16. Rxc1 Qe7 17. Nd2 Rf8 18. c4 Bf5 19. Re1 Nxe4 20. Nxe4 Kd7 21. Ng3 Qxe3+ 22. Rxe3 Bg6 23. Rae1 Rae8 24. Nf1 Bd3 25. Nd2 Bg6 26. Nf3 Rxe3 27. Rxe3 Re8 28. Rxe8 Kxe8 29. Ne5 Bc2 30. Kf2 a5 31. a3 Bf5 32. Ke3 g5 33. g4 Bc2 34. d5 Ke7 35. Kd4 Bb1 36. c6 b6 37. c5 b5 38. Nf3 b4 39. axb4 a4 40. Nxg5 a3 41. Kc3 a2 42. Kb2 h6 43. Ne6 Be4 44. Nxc7 Kd8 45. Ne6+ Kc8 46. Nf4 Kc7 47. Kxa2 Bf3 48. h3 Be4 49. Kb3 Bf3 50. b5 Bd1+ 51. Kb4 Bc2 52. Ka5 Be4 53. d6+ Kc8 54. Kb6 h5 55. gxh5 Bf5 56. h6 Bh7 57. Ka7 Be4 58. h7 Bc2 59. h8=Q# 1-0

[Event "Live Chess"]
[Site "Chess.com"]
[Date "2021.09.03"]
[Round "1"]
[White "austinjin666XD"]
[Black "maturner"]
[Result "1-0"]
[CurrentPosition "4R3/1PB2pk1/2p2bpp/8/p7/7P/P4PPK/3r4 b - -"]
[Timezone "UTC"]
[ECO "B12"]
[ECOUrl "https://www.chess.com/openings/Caro-Kann-Defense-Advance-Botvinnik-Carls-Defense"]
[UTCDate "2021.09.03"]
[UTCTime "01:32:31"]
[WhiteElo "1318"]
[BlackElo "1853"]
[TimeControl "2100+5"]
[Termination "austinjin666XD won by resignation"]
[StartTime "01:32:31"]
[EndDate "2021.09.03"]
[EndTime "02:22:26"]
[Link "https://www.chess.com/game/live/24371512043"]

1. e4 c6 2. d4 d5 3. e5 c5 4. c3 Bf5 5. dxc5 e6 6. b4 Qc7 7. Bb5+ Nc6 8. Nf3 Bg4 9. Nbd2 Ne7 10. O-O Ng6 11. h3 Bxf3 12. Nxf3 Nxe5 13. Bf4 Nxf3+ 14. Qxf3 Qd8 15. c4 Be7 16. Rfd1 O-O 17. cxd5 exd5 18. Rxd5 Qc8 19. Bxc6 Qxc6 20. Rd3 Qxf3 21. Rxf3 a5 22. Re1 Bf6 23. Bd6 Rfd8 24. b5 a4 25. b6 h6 26. Rfe3 g6 27. Bc7 Rd5 28. Re8+ Rxe8 29. Rxe8+ Kg7 30. c6 bxc6 31. b7 Rd1+ 32. Kh2 1-0

[Event "Live Chess"]
[Site "Chess.com"]
[Date "2021.09.03"]
[Round "1"]
[White "chessappeals"]
[Black "victor6688"]
[Result "1/2-1/2"]
[CurrentPosition "8/1k6/1p2p2p/4p1p1/P1K1P1P1/5P1P/8/8 w - -"]
[Timezone "UTC"]
[ECO "A07"]
[ECOUrl "https://www.chess.com/openings/Kings-Indian-Attack-2...Nc6-3.Bg2-e5-4.d3"]
[UTCDate "2021.09.03"]
[UTCTime "01:32:28"]
[WhiteElo "1750"]
[BlackElo "1161"]
[TimeControl "2100+5"]
[Termination "Game drawn by agreement"]
[StartTime "01:32:28"]
[EndDate "2021.09.03"]
[EndTime "02:45:11"]
[Link "https://www.chess.com/game/live/24371512407"]

1. Nf3 d5 2. g3 Nc6 3. Bg2 e5 4. d3 Bf5 5. O-O Nf6 6. Bg5 Be7 7. Nbd2 O-O 8. c3 h6 9. Bxf6 Bxf6 10. e4 dxe4 11. dxe4 Bg4 12. h3 Be6 13. Qc2 Qd7 14. Kh2 Rad8 15. Nb3 Qe7 16. Rad1 Bxb3 17. Qxb3 Rxd1 18. Rxd1 b6 19. Rd2 Bg5 20. Nxg5 Qxg5 21. Qd1 Rd8 22. Rxd8+ Qxd8 23. Qxd8+ Nxd8 24. Bf1 Ne6 25. f3 Kf8 26. Kg2 Ke7 27. Kf2 Kd6 28. Ke3 g6 29. b4 c6 30. a4 a5 31. Bc4 axb4 32. Bxe6 fxe6 33. cxb4 c5 34. Kd3 cxb4 35. Kc4 b3 36. Kxb3 Kc5 37. Kc3 g5 38. g4 Kc6 39. Kc4 Kb7 1/2-1/2

[Event "Live Chess"]
[Site "Chess.com"]
[Date "2021.09.03"]
[Round "1"]
[White "Bruce_Hedman"]
[Black "hip_hop_99"]
[Result "0-1"]
[CurrentPosition "8/1k6/1p2p1p1/P1bb1p1p/3R4/5PP1/6P1/6K1 w - -"]
[Timezone "UTC"]
[ECO "A45"]
[ECOUrl "https://www.chess.com/openings/Indian-Game"]
[UTCDate "2021.09.03"]
[UTCTime "01:32:30"]
[WhiteElo "1087"]
[BlackElo "1658"]
[TimeControl "2100+5"]
[Termination "hip_hop_99 won by resignation"]
[StartTime "01:32:30"]
[EndDate "2021.09.03"]
[EndTime "02:13:52"]
[Link "https://www.chess.com/game/live/24371512863"]

1. d4 Nf6 2. Bf4 b6 3. e3 Bb7 4. Nf3 Nh5 5. Bg3 Nxg3 6. hxg3 g6 7. c3 Bg7 8. Nbd2 c5 9. Bd3 cxd4 10. cxd4 Nc6 11. Be4 f5 12. Bd5 e6 13. Bxc6 dxc6 14. Ne5 c5 15. Ndf3 cxd4 16. exd4 O-O 17. O-O Qd5 18. Qb3 Qd6 19. Ng5 Bd5 20. Qe3 h6 21. Ngf7 Rxf7 22. Nxf7 Kxf7 23. Rac1 Rd8 24. Rc3 Bxa2 25. b3 Qxd4 26. Qxd4 Bxd4 27. Rd3 Bf6 28. Rxd8 Bxd8 29. Rd1 Ke7 30. Rd3 Bb1 31. Rd2 Be4 32. f3 Bd5 33. Rb2 h5 34. b4 Kd6 35. Rc2 Kd7 36. Rd2 Bf6 37. Rd3 Kc6 38. Ra3 Kb7 39. Rd3 Be7 40. Rd4 a5 41. bxa5 Bc5 0-1

[Event "Live Chess"]
[Site "Chess.com"]
[Date "2021.09.03"]
[Round "1"]
[White "Thechesskid2021"]
[Black "MrRap9"]
[Result "1-0"]
[CurrentPosition "8/rpp2Qpk/p7/4P2R/8/P6P/1PP3b1/4R1K1 b - -"]
[Timezone "UTC"]
[ECO "C28"]
[ECOUrl "https://www.chess.com/openings/Vienna-Game-Falkbeer-Vienna-Gambit"]
[UTCDate "2021.09.03"]
[UTCTime "01:32:39"]
[WhiteElo "1649"]
[BlackElo "1055"]
[TimeControl "2100+5"]
[Termination "Thechesskid2021 won by checkmate"]
[StartTime "01:32:39"]
[EndDate "2021.09.03"]
[EndTime "01:40:23"]
[Link "https://www.chess.com/game/live/24371513309"]

1. e4 e5 2. Nc3 Nf6 3. f4 d6 4. Nf3 Nc6 5. Bb5 exf4 6. d4 Bd7 7. Bxf4 a6 8. Bd3 Be7 9. O-O Ng4 10. h3 Nf6 11. a3 O-O 12. e5 dxe5 13. dxe5 Nh5 14. Bxh7+ Kxh7 15. Ng5+ Bxg5 16. Qxh5+ Kg8 17. Bxg5 Qe8 18. Rae1 Nd4 19. Nd5 Ra7 20. Ne7+ Qxe7 21. Bxe7 Ne6 22. Bxf8 Nxf8 23. Qxf7+ Kh8 24. Qxf8+ Kh7 25. Qf7 Bc6 26. Rf5 Bxg2 27. Rh5# 1-0

[Event "Live Chess"]
[Site "Chess.com"]
[Date "2021.09.03"]
[Round "1"]
[White "Greatboomer"]
[Black "fiddleleaf"]
[Result "0-1"]
[CurrentPosition "r4k2/pp3p2/3bp3/3p3p/6rP/1P4P1/P1P1qP2/5RK1 w - -"]
[Timezone "UTC"]
[ECO "B12"]
[ECOUrl "https://www.chess.com/openings/Caro-Kann-Defense-Advance-Tal-Variation"]
[UTCDate "2021.09.03"]
[UTCTime "01:32:40"]
[WhiteElo "889"]
[BlackElo "1574"]
[TimeControl "2100+5"]
[Termination "fiddleleaf won by resignation"]
[StartTime "01:32:40"]
[EndDate "2021.09.03"]
[EndTime "02:04:28"]
[Link "https://www.chess.com/game/live/24371513781"]

1. e4 c6 2. d4 d5 3. e5 Bf5 4. h4 h5 5. Bd3 Bxd3 6. Qxd3 Qa5+ 7. Nc3 e6 8. Ne2 c5 9. b3 Nc6 10. O-O cxd4 11. Nxd4 Nxe5 12. Qe4 Qxc3 13. Qxe5 Qxa1 14. Be3 Qc3 15. Bg5 Nf6 16. Bxf6 gxf6 17. Qxf6 Rg8 18. Qf4 Rg4 19. Qe3 Qxd4 20. Qe2 Bd6 21. Qb5+ Kf8 22. Qe2 Qe5 23. g3 Qxe2 0-1